 Dungeon Crawl Stone Soup version 0.31-a0-234-gad7ace16ef (webtiles) character file.

Game seed: 13909593804952064542

3581 qw the Skirmisher (level 9, -6/81 HPs)
             Began as a Minotaur Hexslinger on July 9, 2023.
             Mangled by an acid dragon (7 damage)
             ... on level 8 of the Dungeon.
             The game lasted 00:02:01 (5881 turns).

qw the Skirmisher (Minotaur Hexslinger)             Turns: 5881, Time: 00:02:01

Health: -6/81      AC:  6    Str: 12    XL:     9   Next: 84%
Magic:  9/9        EV: 20    Int: 10    God:
Gold:   28         SH:  0    Dex: 18    Spells: 9/10 levels left

rFire   . . .        Y - +3 longbow
rCold   . . .        (shield currently unavailable)
rNeg    . . .        n - +1 leather armour {rPois}
rPois   +            (helmet restricted)
rElec   .            h - +0 cloak
rCorr   .            g - +0 pair of gloves
SInv    .            (no boots)
Will    .....        (no amulet)
Stlth   +            m - +5 ring of evasion
HPRegen 0.33/turn    i - +4 ring of slaying {mikee}
MPRegen 0.11/turn

%: no passive effects
@: no status effects
A: horns 2, retaliatory headbutt
a: no special abilities


You were on level 8 of the Dungeon.
You visited 2 branches of the dungeon, and saw 9 of its levels.

You collected 252 gold pieces.
You spent 224 gold pieces at shops.


Innate Abilities, Weirdness & Mutations

You have a pair of horns on your head.
You reflexively headbutt those who attack you in melee.


   Skills:
 - Level 8.2 Fighting
 + Level 12.1 Ranged Weapons
 - Level 2.8 Armour
 - Level 6.0 Dodging
 - Level 1.0 Spellcasting
 - Level 2.0 Hexes


You had 9 spell levels left.
You knew the following spells:

 Your Spells              Type           Power      Damage    Failure   Level
a - Slow                  Hex            16%        N/A       19%         1

Your spell library contained the following spells:

 Spells                   Type           Power      Damage    Failure   Level
 Inner Flame              Hex/Fire       2%         N/A       65%         3
 Portal Projectile        Hex/Tloc       4%         N/A       65%         3
 Cause Fear               Hex            2%         N/A       88%         4

Inventory:

Hand Weapons
 Y - a +3 longbow (weapon)
Armour
 g - a +0 pair of gloves (worn)
 h - a +0 cloak (worn)
 n - a +1 leather armour of poison resistance (worn)
Jewellery
 i - a +4 ring of slaying (right hand) {mikee}
 m - a +5 ring of evasion (left hand)
Scrolls
 j - a scroll of identify
Potions
 c - 2 potions of mutation
 d - 2 potions of resistance
 e - a potion of enlightenment
 f - 5 potions of curing
 k - a potion of lignification {unknown}
 l - a potion of brilliance {unknown}
 p - a potion of might {unknown}

Dungeon Overview and Level Annotations

Branches:
Dungeon (8/15)             Temple (1/1) D:7
   Lair: D:8-11

Altars:
Ashenzari
Cheibriados
Dithmenos
Fedhas
Gozag
Hepliaklqana
Kikubaaqudgha
Makhleb
Nemelex Xobeh
Qazlal
Ru
Sif Muna
Trog
Uskayaw
Vehumet
Wu Jian
Yredelemnul
Zin
The Shining One

Shops:
D:1 *   D:3 *   D:7 ?

Annotations:
D:7 2 transporters, qw's ghost, novice MiHs
D:8 Gastronok; Pikel


Message History

Pikel hits you with a +2 whip of flaming!
Pikel burns you.
Pikel zaps a wand.
You turn into an insubstantial wisp.
Your +3 longbow melds into your body.
Your +0 cloak melds into your body.
Your +0 pair of gloves melds into your body.
Your +1 leather armour of poison resistance melds into your body.
Your +5 ring of evasion melds into your body.
Your +4 ring of slaying {mikee} melds into your body.
You no longer feel resistant to poison.
The acid dragon misses you. The acid dragon barely misses you.
5878 ||| DRINKING potion of cancellation.
Your magical effects are unravelling.
You feel magically purged.
You condense into your normal self.
Your +3 longbow unmelds from your body.
Your +0 cloak unmelds from your body.
Your +0 pair of gloves unmelds from your body.
Your +1 leather armour of poison resistance unmelds from your body.
Your +5 ring of evasion unmelds from your body.
Your +4 ring of slaying {mikee} unmelds from your body.
You feel resistant to poison. Pikel completely misses you.
Pikel closely misses you. The lemure barely misses you.
You furiously retaliate!
You headbutt the lemure! The acid dragon misses you.
The acid dragon completely misses you.
You shoot an arrow. The arrow closely misses the lemure.
Pikel zaps a wand.
You easily resist.
The acid dragon bites you. The acid dragon closely misses you.
The lemure misses you. You furiously retaliate!
You headbutt the lemure!
Pikel hits you with a +2 whip of flaming.
Pikel burns you.
You shoot an arrow. The arrow closely misses the lemure.
Pikel hits you with a +2 whip of flaming.
Pikel burns you. The acid dragon spits acid at you.
The splash of acid misses you. The lemure misses you.
You shoot an arrow. The arrow hits the lemure!
You kill the lemure!
That felt strangely unrewarding.
Pikel misses you.
Pikel hits you with a +2 whip of flaming.
Pikel burns you. The acid dragon bites you!
You die...

##### #...#
#...# #...#
#...# #..[#
#.).# #..@#
#..KD%.....
###........
#........
#...$....
#........
..##[###.
..# ..


You could see Pikel (fast) and an acid dragon (catching breath).

Vanquished Creatures
  A two-headed ogre (D:7)
  2 dream sheep (D:8)
  Sigmund (D:5)
  A wyvern (D:5)
  Eustachio (D:5)
  A steam dragon (D:7)
  Edmund (D:5)
  2 water moccasins
  2 ice beasts (D:6)
  2 black bears
  A sky beast (D:6)
  3 ogres
  2 phantoms (D:5)
  4 lemures (D:8)
  3 kobold brigands (D:8)
  2 bullfrogs
  A scorpion (D:5)
  A howler monkey (D:8)
  A hound (D:6)
  An orc priest (D:4)
  2 sleepcaps
  3 iguanas
  2 orc wizards (D:7)
  6 adders
  2 white imps
  2 ufetubi
  9 dart slugs
  14 orcs
  8 bats
  7 endoplasms
  3 giant cockroaches
  6 hobgoblins
  2 jackals (D:4)
  8 kobolds
  A quokka (D:1)
  6 ball pythons
  5 frilled lizards
  7 goblins
  2 rats
128 creatures vanquished.

Notes
Turn   | Place    | Note
-------+----------+-------------------------------------------
     0 | D:1      | qw the Minotaur Hexslinger began the quest for the Orb.
     0 | D:1      | Reached XP level 1. HP: 16/16 MP: 1/1
     0 | D:1      | 0 ||| qw: Version: 0.3-a-51-g015441d
     0 | D:1      | 0 ||| qw: Game counter: 4359
     0 | D:1      | 0 ||| qw: Melee chars always use a shield: true
     0 | D:1      | 0 ||| qw: God list: Okawaru
     0 | D:1      | 0 ||| qw: Allow faded altars: false
     0 | D:1      | 0 ||| qw: Do Orc after clearing Dungeon:15 true
     0 | D:1      | 0 ||| qw: Do second Lair branch before Depths: true
     0 | D:1      | 0 ||| qw: Lair rune preference: random
     0 | D:1      | 0 ||| qw: Goals: Normal
     0 | D:1      | 0 ||| PLANNING D:1-11
   276 | D:1      | 276 ||| SWAPPING to +0 longbow.
   323 | D:1      | 323 ||| DROPPING +1 sling.
   326 | D:1      | Reached skill level 3 in Ranged Weapons
   326 | D:1      | Reached XP level 2. HP: 23/23 MP: 2/2
   379 | D:1      | Found Jaluck's Assorted Antiques.
   387 | D:1      | 387 ||| SHOPLISTING 2 fizzy white potions (32 gold, have
                  | 5).
   387 | D:1      | 387 ||| SHOPLISTING glowing yellow potion (16 gold, have
                  | 5).
   387 | D:1      | 387 ||| SHOPLISTING inky potion (16 gold, have 5).
   387 | D:1      | 387 ||| SHOPLISTING metallic orange potion (16 gold, have
                  | 5).
   387 | D:1      | 387 ||| SHOPLISTING scroll labelled LIWANINUTU (18 gold,
                  | have 5).
   387 | D:1      | 387 ||| SHOPLISTING scroll labelled PEPPAH HOR (18 gold,
                  | have 5).
   522 | D:1      | Reached XP level 3. HP: 29/29 MP: 3/3
   900 | D:1      | 900 ||| UPGRADING to +0 ring mail.
   910 | D:1      | 910 ||| DROPPING +0 robe.
   911 | D:1      | 911 ||| READING scroll labelled HEQAZE OP URYSE.
   912 | D:1      | 912 ||| READING scroll labelled EFFIGOWAAC.
   913 | D:1      | 913 ||| READING scroll labelled PEPPAH HOR.
   914 | D:1      | 914 ||| READING 2 scrolls labelled WYH MANEUSEA.
   915 | D:1      | 915 ||| DROPPING scroll of poison.
  1108 | D:2      | 1108 ||| Stepping ~*~*~tactically~*~*~ (outnumbered).
  1113 | D:2      | Reached skill level 4 in Ranged Weapons
  1182 | D:2      | 1182 ||| READING scroll of enchant weapon.
  1182 | D:2      | 1182 ||| ENCHANTING +1 longbow.
  1193 | D:2      | Reached skill level 1 in Armour
  1221 | D:2      | Reached XP level 4. HP: 36/36 MP: 4/4
  1486 | D:2      | 1486 ||| DROPPING ring of ice.
  1487 | D:2      | 1487 ||| UPGRADING to +4 ring of protection.
  1488 | D:2      | 1488 ||| READING 2 scrolls of identify.
  1488 | D:2      | 1488 ||| IDENTIFYING fuming sapphire potion
  1596 | D:3      | 1596 ||| READING scroll labelled JAILIN KEYGH.
  1711 | D:3      | Reached skill level 5 in Ranged Weapons
  1813 | D:3      | Found Wigoqi Yri's General Store.
  1822 | D:3      | 1822 ||| SHOPLISTING 2 potions of enlightenment (140 gold,
                  | have 123).
  1822 | D:3      | 1822 ||| SHOPLISTING amulet of regeneration (420 gold, have
                  | 123).
  1822 | D:3      | 1822 ||| BUYING potion of curing (42 gold).
  1822 | D:3      | Bought a potion of curing for 42 gold pieces
  1822 | D:3      | 1822 ||| BUYING scroll of identify (28 gold).
  1822 | D:3      | Bought a scroll of identify for 28 gold pieces
  1822 | D:3      | 1822 ||| BUYING scroll of identify (28 gold).
  1822 | D:3      | Bought a scroll of identify for 28 gold pieces
  1822 | D:3      | 1822 ||| SHOPLISTING scroll of teleportation (42 gold, have
                  | 25).
  1917 | D:3      | 1917 ||| DROPPING ring of ice.
  1918 | D:3      | 1918 ||| UPGRADING to +4 ring of slaying {mikee}.
  1919 | D:3      | 1919 ||| READING 3 scrolls of identify.
  1919 | D:3      | 1919 ||| IDENTIFYING coppery potion
  1920 | D:3      | 1920 ||| READING 2 scrolls of identify.
  1920 | D:3      | 1920 ||| IDENTIFYING inky potion
  1937 | D:4      | Noticed an ogre
  1940 | D:4      | Killed an ogre
  1941 | D:4      | Reached XP level 5. HP: 46/46 MP: 5/5
  1973 | D:4      | 1973 ||| FLEEEEING.
  1981 | D:4      | 1981 ||| STAIRDANCE
  2128 | D:4      | Reached XP level 6. HP: 16/52 MP: 6/6
  2802 | D:4      | 2802 ||| UPGRADING to +0 pair of gloves.
  2807 | D:4      | 2807 ||| UPGRADING to +1 leather armour of poison
                  | resistance.
  2817 | D:4      | 2817 ||| DROPPING +0 ring mail.
  2818 | D:4      | 2818 ||| UPGRADING to +5 ring of evasion.
  2820 | D:4      | 2820 ||| DROPPING +4 ring of protection.
  2821 | D:4      | 2821 ||| READING scroll labelled YSSEFE URIMP.
  2822 | D:4      | 2822 ||| READING scroll labelled BEADUE CAXT.
  2823 | D:4      | 2823 ||| READING 2 scrolls of identify.
  2823 | D:4      | 2823 ||| IDENTIFYING grey potion
  2824 | D:4      | 2824 ||| DROPPING potion of degeneration.
  2866 | D:5      | Entered Level 5 of the Dungeon
  3012 | D:5      | Noticed Sigmund
  3016 | D:5      | Killed Sigmund
  3017 | D:5      | Reached skill level 7 in Ranged Weapons
  3099 | D:5      | Reached XP level 7. HP: 26/59 MP: 7/7
  3183 | D:5      | Noticed a wyvern
  3189 | D:5      | Killed a wyvern
  3190 | D:5      | Reached skill level 8 in Ranged Weapons
  3266 | D:5      | Noticed Edmund
  3270 | D:5      | Reached skill level 3 in Dodging
  3274 | D:5      | Killed Edmund
  3275 | D:5      | Reached XP level 8. HP: 68/68 MP: 8/8
  3283 | D:5      | Reached skill level 9 in Ranged Weapons
  3356 | D:5      | Noticed Eustachio
  3367 | D:5      | Found a blossoming altar of Fedhas.
  3373 | D:5      | Killed Eustachio
  3374 | D:5      | Reached skill level 6 in Fighting
  3419 | D:5      | Found an ornate altar of the Wu Jian Council.
  3742 | D:5      | 3742 ||| READING scroll labelled LIWANINUTU.
  3746 | D:5      | 3746 ||| READING 2 scrolls of identify.
  3746 | D:5      | 3746 ||| IDENTIFYING smoky cyan potion
  4244 | D:6      | Reached skill level 10 in Ranged Weapons
  4715 | D:7      | 4715 ||| STAIRDANCE
  4824 | D:7      | Noticed an ice statue
  4829 | D:7      | Found a transporter.
  4830 | D:7      | Noticed a manticore
  4833 | D:7      | Noticed a hornet
  4840 | D:7      | Found a transporter.
  4846 | D:7      | Noticed a deep elf pyromancer
  4847 | D:7      | Noticed qw's ghost (novice MiHs)
  4853 | D:7      | Noticed a two-headed ogre
  4860 | D:7      | Killed a two-headed ogre
  4861 | D:7      | Reached skill level 11 in Ranged Weapons
  4861 | D:7      | Reached XP level 9. HP: 79/79 MP: 9/9
  4866 | D:7      | Found a staircase to the Ecumenical Temple.
  4867 | D:7      | 4867 ||| PLANNING TEMPLE
  4867 | D:7      | 4867 ||| UPGRADING to +0 cloak.
  4872 | D:7      | 4872 ||| READING 2 scrolls of identify.
  4872 | D:7      | 4872 ||| IDENTIFYING red potion
  4882 | Temple   | Entered the Ecumenical Temple
  5106 | Temple   | 5106 ||| PLANNING D:1-11
  5128 | D:7      | Found Erad's Magic Scroll Shoppe.
  5131 | D:7      | 5131 ||| Stepping ~*~*~tactically~*~*~ (cloud).
  5134 | D:7      | 5134 ||| Stepping ~*~*~tactically~*~*~ (cloud).
  5138 | D:7      | 5138 ||| Stepping ~*~*~tactically~*~*~ (cloud).
  5302 | D:7      | 5302 ||| BUYING scroll of enchant weapon (90 gold).
  5302 | D:7      | Bought a scroll of enchant weapon for 90 gold pieces
  5302 | D:7      | 5302 ||| BUYING scroll of teleportation (36 gold).
  5302 | D:7      | Bought a scroll of teleportation for 36 gold pieces
  5302 | D:7      | 5302 ||| READING scroll of enchant weapon.
  5302 | D:7      | 5302 ||| ENCHANTING +2 longbow.
  5627 | D:7      | 5627 ||| FLEEEEING.
  5628 | D:7      | 5628 ||| FLEEEEING.
  5629 | D:7      | 5629 ||| FLEEEEING.
  5630 | D:7      | 5630 ||| FLEEEEING.
  5631 | D:7      | 5631 ||| FLEEEEING.
  5632 | D:7      | 5632 ||| FLEEEEING.
  5633 | D:7      | 5633 ||| FLEEEEING.
  5634 | D:7      | 5634 ||| STAIRDANCE
  5657 | D:6      | 5657 ||| READING scroll labelled UGYS TICEI.
  5658 | D:6      | 5658 ||| READING scroll labelled GESIKO HAKH.
  5661 | D:7      | 5661 ||| STAIRDANCE
  5793 | D:8      | Found a glowing golden altar of the Shining One.
  5821 | D:8      | Reached skill level 12 in Ranged Weapons
  5837 | D:8      | 5837 ||| Stepping ~*~*~tactically~*~*~ (water).
  5840 | D:8      | Noticed Gastronok
  5854 | D:8      | HP: 17/81 [Gastronok (18)]
  5855 | D:8      | 5855 ||| READING scroll of teleportation.
  5856 | D:8      | 5856 ||| DRINKING potion of heal wounds.
  5866 | D:8      | Reached skill level 6 in Dodging
  5867 | D:8      | Noticed Pikel
  5877 | D:8      | HP: 20/81 [Pikel/+2 whip of flaming (7)]
  5878 | D:8      | 5878 ||| DRINKING potion of cancellation.
  5880 | D:8      | HP: 8/81 [Pikel/+2 whip of flaming (5)]
  5881 | D:8      | HP: 2/81 [Pikel/+2 whip of flaming (3)]
  5881 | D:8      | Mangled by an acid dragon

Levels and vault maps discovered:
D:1:      dpeg_arrival_central, layout_basic, serial_shops, shop,
          nicolae_concentric_dashed_squares_mild, feat_on_display
D:2:      layout_basic
D:3:      layout_rooms, serial_shops, shop, kennysheep_generic_room_2
D:4:      layout_gridville, patterned_corridor
D:5:      layout_basic, nzn_wu_jian_council_hall, fedhas_altar_2,
          minmay_misc_feat_cross, uniq_edmund, uniq_eustachio, uniq_sigmund
D:6:      layout_basic
D:7:      layout_basic, minmay_temple_entry_poolview, serial_shops, shop,
          nzn_ghost_randoct, minmay_crystal_water
D:8:      layout_basic, okawaru_metal_pillars_3, xom_teletrap_fun,
          mainiacjoe_overflow_boulevard, hangedman_ranch, uniq_gastronok,
          uniq_pikel
Temple:   minmay_temple_bridge_d

Skill      XL: |  1  2  3  4  5  6  7  8  9 |
---------------+----------------------------+-----
Ranged Weapons | 3 4 5 7 8 11 12 | 12.1
Fighting       | 2 4 5 7 8 |  8.2
Armour         | 1 2 |  2.8
Dodging        | 3 4 6 |  6.0
Spellcasting   | |  1.0
Hexes          | |  2.0

Action                     |  1- 3 |  4- 6 |  7- 9 || total
---------------------------+-------+-------+-------++-------
   Fire: Sling             |    14 |       |       ||    14
         Longbow           |    58 |   104 |   170 ||   332
    Use: Scroll            |     5 |     7 |     7 ||    19
         Potion            |       |       |     2 ||     2
 Armour: Robe              |     4 |       |       ||     4
         Ring mail         |       |    13 |       ||    13
         Leather armour    |       |     1 |    12 ||    13
  Dodge: Dodged            |    16 |    25 |    62 ||   103

Table legend:
 A = Non-vault XP
 B = Vault XP
 C = Vault XP percentage of total XP
 D = Non-vault monster count
 E = Vault monster count
 F = Vault count percentage of total count
                 A         B        C        D         E       F
            +---------+---------+-------+---------+---------+-------
      Total |    3788 |    1328 |  26.0 |     115 |       9 |   7.3
            +---------+---------+-------+---------+---------+-------
        D:1 |      48 |       0 |   0.0 |      28 |       0 |   0.0
        D:2 |      52 |       0 |   0.0 |      13 |       0 |   0.0
        D:3 |      54 |      15 |  21.7 |      20 |       2 |   9.1
        D:4 |     254 |       0 |   0.0 |      17 |       0 |   0.0
        D:5 |     819 |     599 |  42.2 |      10 |       3 |  23.1
        D:6 |     752 |       0 |   0.0 |       9 |       0 |   0.0
        D:7 |    1415 |       0 |   0.0 |      12 |       0 |   0.0
        D:8 |     394 |     714 |  64.4 |       6 |       4 |  40.0
            +---------+---------+-------+---------+---------+-------
